 Dungeon Crawl Stone Soup version 0.25.0-15-gac7dcb8919 (webtiles) character file.

Game seed: 1669855664615629337

122 EriolAelfwine the Ruffian (level 5, 0/46 HPs)
             Began as a Ghoul Monk on June 29, 2020.
             Slain by a gnoll (2 damage)
             ... on level 2 of the Dungeon.
             The game lasted 00:02:34 (1828 turns).

EriolAelfwine the Ruffian (Ghoul Monk)              Turns: 1828, Time: 00:02:35

Health: 0/46       AC:  6    Str: 15    XL:     5   Next: 6%
Magic:  4/4        EV: 10    Int:  6    God:
Gold:   154        SH:  0    Dex: 11    Spells: 4/4 levels left

rFire    . . .     SeeInvis .     - Unarmed
rCold    + . .     Gourm    .   (no shield)
rNeg     + + +     Faith    .   j - +0 scale mail
rPois    ∞         Spirit   .   (no helmet)
rElec    .         Reflect  .   (no cloak)
rCorr    .         Harm     .   (no gloves)
MR       .....                  (no boots)
Stlth    ..........             (no amulet)
HPRegen  0.00/turn              (no ring)
MPRegen  0.09/turn              (no ring)

@: rotting
A: rotting body, claws 1, carnivore, cold resistance 1, negative energy
resistance 3, inhibited regeneration, torment resistance, unbreathing
a: no special abilities


You were on level 2 of the Dungeon.
You were not hungry.

You visited 1 branch of the dungeon, and saw 2 of its levels.

You collected 154 gold pieces.

Inventory:

Armour
 j - a +0 scale mail (worn)
Scrolls
 c - a scroll of enchant armour {unknown}
 d - a scroll of blinking {unknown}
 f - a scroll of teleportation {unknown}
 g - 5 scrolls of identify {unknown}
 i - a scroll of remove curse {unknown}
Potions
 e - a potion of stabbing {unknown}
 h - a potion of brilliance {unknown}
 k - a potion of ambrosia {unknown}
 l - a potion of heal wounds {unknown}
Comestibles
 b - 7 rations


   Skills:
 + Level 4.2 Fighting
 + Level 3.4 Dodging
 - Level 2.1 Stealth
 * Level 4.9 Unarmed Combat


You had 4 spell levels left.
You didn't know any spells.
Your spell library was empty.

Dungeon Overview and Level Annotations

Branches:
Dungeon (2/15)

Altars:

Annotations:
D:2 Sigmund


Innate Abilities, Weirdness & Mutations

Your body is rotting away.
You thrive on raw meat.
You are immune to poison.
You have sharp fingernails.
You are carnivorous and can eat meat at any time.
Your flesh is cold resistant. (rC+)
You are immune to negative energy. (rN+++)
You do not regenerate when monsters are visible.
You are immune to unholy pain and torment.
You can survive without breathing.


Message History

You are too injured to fight recklessly!
You are too injured to fight recklessly!
You are too injured to fight recklessly!
You are too injured to fight recklessly!
You are too injured to fight recklessly!
You escape the ball python's grasp.
The ball python barely misses you. x2; Something hits you.
You scratch the ball python.
You kill the ball python!
Okay, then.
You closely miss the gnoll. Your claw misses the gnoll. The gnoll hits you.
* * * LOW HITPOINT WARNING * * *
You scratch the gnoll.
The gnoll is lightly wounded.
Something hits you!
* * * LOW HITPOINT WARNING * * *
You scratch the gnoll.
The gnoll is heavily wounded.
The gnoll hits you.
You die...

....## #.....# .# ###.# #.....#
#.# #.# #.....# #.# ##'## #.....#
#.#### ##...## ###÷### ##....
#.....## ##.# #...###
.......######..# #.....#
........##.....#########..)..#.##
>.......'....≈..@g.....?..†...(..
........##.≈⌠..###########†..###.
.......###.≈≈≈....# ...# #.....##
#.....##.# ..... ##...##
#.###.##.# .#.### ##'##
#.##...#.# ...# #.# #.##.#.#.# .#
. #.# #.##...#.# .# 8. ##.##
#.###.##.#


You could see a gnoll.

Vanquished Creatures
  2 gnolls (D:2)
  4 adders (D:2)
  2 oozes (D:2)
  A worm (D:2)
  2 dart slugs
  3 leopard geckos
  3 bats (D:1)
  A giant cockroach (D:1)
  4 hobgoblins
  11 jackals (D:2)
  2 kobolds
  A ball python (D:2)
  7 frilled lizards
  3 goblins
  8 rats
54 creatures vanquished.

Vanquished Creatures (others)
  6 toadstools (D:2)
6 creatures vanquished.

Grand Total: 60 creatures vanquished

Notes
Turn   | Place    | Note
-------+----------+-------------------------------------------
     0 | D:1      | EriolAelfwine the Ghoul Monk began the quest for the Orb.
     0 | D:1      | Reached XP level 1. HP: 19/19 MP: 0/0
   139 | D:1      | Reached XP level 2. HP: 15/26 MP: 1/1
   939 | D:2      | Reached XP level 3. HP: 28/33 MP: 2/2
  1467 | D:2      | Reached XP level 4. HP: 35/40 MP: 3/3
  1794 | D:2      | Noticed Sigmund
  1798 | D:2      | Reached XP level 5. HP: 29/46 MP: 4/4
  1827 | D:2      | HP: 2/46 [something (11)]
  1828 | D:2      | Slain by a gnoll

Illustrated notes

Levels and vault maps discovered:
D:1:      matt_arrival_grand_opening, layout_rooms
D:2:      layout_loops_corners, corexii_leaking_fountain,
          minmay_gold_behind_fungi, corexii_item_surrounded_by_moat,
          minmay_hexomino_c4, uniq_sigmund

Skill      XL: |  1  2  3  4 |
---------------+-------------+-----
Dodging        | 3 |  3.4
Unarmed Combat | 4 |  4.9
Fighting       | 4 |  4.2
Stealth        | |  2.1

Action                   |  1- 3 |  4- 6 || total
-------------------------+-------+-------++-------
Melee: Unarmed           |   122 |    72 ||   194
 Stab: Sleeping          |     1 |       ||     1
  Eat: Chunk             |     2 |     5 ||     7
Armor: Robe              |     6 |       ||     6
       Scale mail        |    45 |    26 ||    71
Dodge: Dodged            |    58 |    44 ||   102
